[Event "European Amateur Chess-ch 2022"]
[Site "Zagreb"]
[Date "2022.08.16"]
[Round "3.1"]
[White "Vrban, Mladen"]
[Black "Brigljevic, Milan"]
[Result "1/2-1/2"]
[ECO "C30"]
[WhiteElo "2297"]
[BlackElo "2161"]
[Annotator "TA"]
[PlyCount "84"]
[EventDate "2022.08.14"]
[EventCountry "CRO"]
[SourceTitle "playchess.com"]
[Source "ChessBase"]
[SourceQuality "1"]
[TimeControl "40/5400+30:1800+30"]

1. e4 d6 2. f4 e5 3. d3 g6 4. Nf3 Bg7 5. Nc3 Nc6 6. Be2 {C30: King's Gambit Declined.} h6 7. O-O Nge7 8. Be3 {[#]} O-O $146 ({Predecessor:} 8... Nd4 9. Qd2 Be6 10. Rae1 c5 11. Nd1 Qd7 12. c3 Nxe2+ 13. Rxe2 exf4 14. Bxf4 g5 {0-1 (43) Pinski,J (2346)-Jaracz,P (2439) Krakow 1999}) 9. Qd2 exf4 10. Bxf4 g5 11. Be3 f5 12. exf5 (12. h3 $11) 12... Nxf5 $15 (12... Bxf5 13. d4 $11) 13. Bf2 (13. h3 $15) 13... g4 $17 14. Ne1 h5 15. d4 d5 {Inhibits Bc4.} (15... Nfxd4 16. Bc4+ Ne6 17. Qe2 $15) (15... Ncxd4 $17 16. Bc4+ Be6 17. Bxe6+ Nxe6) 16. Bd3 Bh6 17. Qe2 Re8 $1 ({Don't play} 17... Ncxd4 $6 18. Bxd4 (18. Qe5 Bg7 $11) 18... Nxd4 19. Rxf8+ Qxf8 20. Qe5 $11) 18. Qd1 Ne3 19. Bxe3 Bxe3+ 20. Kh1 Qg5 {[#] Prevents Bg6.} ({Of course not} 20... Bxd4 $6 21. Bg6 Rf8 22. Nd3 $11) (20... Nxd4 $17 21. g3 Qg5) 21. Bb5 $2 ({White should play} 21. Nf3 $1 $11 gxf3 (21... Qg7 22. Nh4) 22. Qxf3) 21... Bd7 (21... h4 $142 22. Nd3 a6 23. Bxc6 bxc6) 22. Nd3 {[#]} Bxd4 (22... Rad8 $1 $17 23. Bxc6 Bxc6) 23. Ne2 (23. Nb4 $11 {keeps the balance.} Bxc3 24. bxc3) 23... Be3 24. Ndf4 Be6 {This bishop pair is nice.} (24... Re5 $17 {...Rf8 is the strong threat.} 25. c4 d4) 25. c4 $11 d4 $1 (25... dxc4 $2 26. Nxe6 Rxe6 27. Bxc4 $18) 26. Bxc6 (26. Nd5 $11) 26... bxc6 $17 27. Nxe6 Rxe6 28. Qd3 (28. Nxd4 $2 Rd6 29. Rf5 Qh6 $19) 28... Rf8 {Against Rf5} (28... h4 $17 {White must now prevent ...c5.} 29. c5 (29. Nxd4 $2 Rd6 $19) 29... Qe5) 29. Rxf8+ {The position is equal.} Kxf8 30. Nxd4 Bxd4 31. Qxd4 $11 {[%mdl 4096] Endgame KQR-KQR} Qe5 32. Rf1+ Ke7 33. Qxa7 Rf6 34. Rd1 Rf4 35. Qa3+ c5 36. Qd3 Rd4 {Inhibits Qd8+.} 37. Qh7+ Kd8 38. Rf1 {Threatens to win with Rf8+.} Rf4 {[%cal Rf4f1] Against Rf8+} 39. Rb1 Re4 {( -> ...Re1+)} 40. Rd1+ Rd4 41. Rg1 Kc8 42. Qh6 Kb7 {Weighted Error Value: White=0.30/Black=0.21 (precise)} 1/2-1/2

[Event "European Amateur Chess-ch 2022"]
[Site "Zagreb"]
[Date "2022.08.16"]
[Round "3.2"]
[White "Starcevic, Ante Leon"]
[Black "Buchcar, Tomas"]
[Result "1-0"]
[ECO "D11"]
[WhiteElo "2152"]
[BlackElo "2208"]
[Annotator "TA"]
[PlyCount "79"]
[EventDate "2022.08.14"]
[EventCountry "CRO"]
[SourceTitle "playchess.com"]
[Source "ChessBase"]
[SourceQuality "1"]
[TimeControl "40/5400+30:1800+30"]

1. d4 d5 2. c4 c6 3. Nf3 Nf6 4. e3 a6 5. Qb3 g6 6. Nc3 {D11: Slav Defence: 3 Nf3 sidelines and 3...Nf6 4 e3 Bg4.} Bg7 7. a4 O-O 8. Bd3 {White has an edge.} dxc4 9. Bxc4 c5 10. d5 $1 {Against Nc6} Nbd7 11. O-O Ne8 {[#]} 12. a5 $146 ({Predecessor:} 12. Rd1 Nd6 13. Be2 Ne5 14. Nd2 Qa5 15. Qc2 Bd7 16. Nb3 Qc7 17. a5 c4 18. Nd4 Rfc8 19. h3 {½-½ (84) Stern,R (2504)-Giemsa,S (2312) Berlin 2013}) 12... Nd6 13. Re1 b5 14. axb6 $1 Qxb6 15. e4 Rb8 16. Qxb6 Rxb6 17. Bf1 Nb5 {White leaves nothing to chance now.} (17... Rb4 $14) 18. Na4 $16 Rf6 (18... Rb7 $16) 19. Bg5 Rxf3 20. gxf3 Nd4 21. Kg2 {Threatens to win with Rac1.} ({Much less strong is} 21. Bxe7 Re8 22. Bd6 (22. Bxc5 Nxf3+ 23. Kg2 Nxe1+ 24. Rxe1 f5 $16) 22... Nxf3+ 23. Kg2 Nxe1+ 24. Rxe1 f5 $16) 21... Nc2 (21... f6 {might work better.}) 22. Bxe7 $18 Nxe1+ 23. Rxe1 Re8 24. Bxc5 Nxc5 25. Nxc5 Bxb2 26. Bxa6 Ba3 {[#]} 27. Bb5 $1 Rd8 28. Nb3 Bb2 29. f4 Bb7 30. Na5 Ba8 {[#]} (30... Bxd5 {was called for.} 31. exd5 Rxd5 32. Re8+ Kg7) 31. Nc6 Bxc6 32. Bxc6 {[%mdl 4096] Endgame KRB-KRB} ({Don't take} 32. dxc6 Rc8 33. Rd1 Bc3 $18) 32... Bd4 33. e5 Kf8 34. Re4 Bc3 35. Rc4 Bd2 36. Rd4 Bc1 37. Rc4 Bd2 38. d6 {White is clearly winning.} Rc8 39. Kf3 h6 40. Ke4 {Weighted Error Value: White=0.26 (precise) /Black=0.29 (precise)} 1-0

[Event "European Amateur Chess-ch 2022"]
[Site "Zagreb"]
[Date "2022.08.16"]
[Round "3.3"]
[White "Karlusic, Luka"]
[Black "Babic, Zvonko"]
[Result "1/2-1/2"]
[ECO "A21"]
[WhiteElo "2089"]
[BlackElo "2180"]
[Annotator "TA"]
[PlyCount "122"]
[EventDate "2022.08.14"]
[EventCountry "CRO"]
[SourceTitle "playchess.com"]
[Source "ChessBase"]
[SourceQuality "1"]
[TimeControl "40/5400+30:1800+30"]

1. d4 d6 2. c4 e5 3. Nc3 exd4 4. Qxd4 Nc6 5. Qd2 g6 6. b3 Bg7 7. Bb2 Nf6 8. g3 O-O 9. Bg2 Re8 {9...Be6 is the hot move.} 10. Nh3 {[#]} Rb8 $146 {A21: English Opening: 1...e5 2 Nc3.} (10... Bxh3 $11 11. Bxh3 d5 12. Nxd5 Ne4) ({Predecessor:} 10... d5 11. cxd5 Bxh3 12. Bxh3 Nxd5 13. Nxd5 Bxb2 14. Rd1 Nd4 15. Qxb2 Qxd5 16. O-O Rad8 17. Bg2 Qe5 18. Kh1 Qxe2 {1-0 (58) Mamedyarov,S (2736)-Onischuk,V (2612) Berlin 2015}) 11. O-O Bxh3 12. Bxh3 Ne4 {White is slightly better.} 13. Nxe4 Rxe4 14. Bxg7 Kxg7 15. Bg2 Re8 16. Bxc6 bxc6 17. Qd4+ Kg8 $1 18. Rfe1 c5 19. Qc3 Qd7 20. Rad1 Qh3 21. Qf3 (21. e4 {feels hotter.} Re7 22. Re3 Rbe8 23. Rde1) 21... Re7 22. Rd5 Rbe8 23. e3 a5 24. Red1 Re4 25. Qf6 h5 26. Rg5 Qe6 27. Qxe6 R8xe6 $15 {[%mdl 4096] Endgame KRR-KRR} 28. Rgd5 h4 29. Kg2 hxg3 30. hxg3 Re8 31. Kf3 f5 32. Rg1 a4 33. g4 Rxg4 34. Rxg4 fxg4+ 35. Kxg4 $11 {KR-KR} Kg7 36. Kf3 axb3 37. axb3 Rb8 38. Rd3 Kf6 39. e4 Ra8 40. Ke3 Ra1 41. f3 Ra2 42. Kf4 Rg2 43. Rd5 g5+ 44. Ke3 Ke6 45. Rd3 c6 46. Rd2 {Prevents Rb2.} Rg1 47. Rb2 {Prevents Rb1.} Re1+ 48. Kf2 {The position is equal.} Rc1 49. Kg3 Ke5 50. Rd2 Rg1+ 51. Kf2 Rc1 52. Rd3 {Inhibits Rc3.} Rc2+ 53. Kg3 Rb2 54. Kg4 Rg2+ 55. Kh3 $1 Rg1 56. Kh2 Rb1 57. Kg3 Rc1 58. Kf2 Rh1 59. Kg2 Rh4 60. Kg3 Rf4 61. Rd1 Rf6 {Weighted Error Value: White=0.05 (flawless) /Black=0.05 (flawless)} 1/2-1/2

[Event "European Amateur Chess-ch 2022"]
[Site "Zagreb"]
[Date "2022.08.16"]
[Round "3.4"]
[White "Denic, Marin"]
[Black "Dzaja, Martin Zorislav"]
[Result "1-0"]
[ECO "D45"]
[WhiteElo "2190"]
[BlackElo "1974"]
[Annotator "TA"]
[PlyCount "133"]
[EventDate "2022.08.14"]
[EventCountry "CRO"]
[SourceTitle "playchess.com"]
[Source "ChessBase"]
[SourceQuality "1"]
[TimeControl "40/5400+30:1800+30"]

1. d4 d5 2. c4 e6 3. Nf3 c6 4. e3 Nf6 5. Nc3 Nbd7 6. Bd2 Bd6 7. Bd3 dxc4 {D45: Semi-Slav: 5 e3.} 8. Bxc4 b5 9. Bb3 Bb7 {The position is equal.} 10. O-O O-O 11. Re1 {[#]} b4 $146 ({Predecessor:} 11... h6 12. e4 e5 13. h3 a5 14. a3 exd4 15. e5 Nxe5 16. Nxe5 dxc3 17. Bxc3 c5 {1-0 (28) Baez,J (1198)-Guimaraes,J (1118) LSS email 2010}) 12. Na4 Ne4 13. Qc2 Nxd2 14. Nxd2 Qc7 (14... c5 $5) 15. h3 c5 16. Rac1 Rac8 17. Qb1 Qc6 18. e4 Bf4 $40 {[%mdl 128] Black attacks with force. This bishop pair is nice.} 19. Rc2 Bxd2 20. Rxd2 c4 21. Rc1 $2 (21. Bc2 $17 {keeps fighting.}) 21... Qb5 $19 (21... Qxe4 22. Qxe4 Bxe4 23. Bxc4 $11) 22. Bd1 Qg5 {Prevents Nc5.} 23. Re2 f5 24. Bc2 b3 25. Bd1 (25. f3 $142) 25... Bxe4 26. Rxe4 fxe4 27. Bg4 bxa2 28. Qa1 Qf6 29. Rf1 e3 30. Nc3 exf2+ 31. Kh1 Nb6 32. Qxa2 Rc7 33. Qa3 Nd5 {aiming for ...Ne3.} 34. Qd6 $2 (34. Nd1 Rcf7 35. Rxf2 Qxd4 36. Qd6 Rxf2 37. Nxf2 Qxf2 38. Bxe6+ Kh8 39. Bxd5) 34... Re7 {White must now prevent ...Nxc3.} 35. Ne4 Qf7 (35... Qxd4 36. Bxe6+ Rxe6 37. Qxe6+ Kh8 38. Rxf2 $11) ({Black should try} 35... Qh6 $19 {And now ...Ree8 would win.} 36. Rxf2 Rxf2 37. Nxf2 Qc1+ 38. Kh2 Qf4+ 39. Qxf4 Nxf4) 36. Ng5 (36. Rxf2 $11 {remains equal.} Nf6 37. Ng5) 36... Qf4 (36... Qg6 $17 37. Bxe6+ Kh8 38. Qxd5 h6 39. Nf7+ Rfxf7 40. Bxf7 Qxf7 41. Qxf7 Rxf7) 37. Bxe6+ $15 Kh8 38. Qxd5 h6 (38... Qf6 $5 ) 39. Nf3 {The board is on fire.} Qe3 (39... Rfe8 $11 40. Bd7 Re1 41. Qxc4 R8e2 42. Qc8+ Kh7) 40. Bg4 $2 (40. Ne5 $18 {White wants to mate with Ng6+.} Ree8 41. Ng6+ Kh7 42. Nxf8+ Rxf8 43. Bf5+ Kh8 44. Qxc4 $1) 40... Qe2 $11 41. Nh2 Qxb2 {Hoping for ...c3.} 42. Qxc4 Re1 43. Bf5 Qb7 44. Qc5 (44. Bc2 $11) 44... Qf7 (44... Qe7 $1 $15 45. Qxe7 Rxe7) 45. Bd3 Rd8 46. Nf3 Rxf1+ (46... Qb3 $1 $11 47. Nxe1 (47. Rxe1 $2 Qxd3 48. Rc1 f1=Q+ 49. Rxf1 Qxf1+ 50. Kh2 Qa6 $19) 47... fxe1=R 48. Rxe1 Qxd3) 47. Bxf1 $14 Qd7 $2 (47... Qb3 $14) 48. g3 (48. Qc2 $18) 48... Qd5 $16 49. Qxd5 ({Reject} 49. Kg2 $6 Qxc5 50. dxc5 Rc8 $11) 49... Rxd5 50. Kg2 a5 {[%cal Ba7a5,Ba5a4,Ba4a3][%mdl 32] [#]} 51. Kxf2 (51. Bc4 $1 $16 Rd8 52. d5 (52. Kxf2 a4 $16)) 51... a4 $1 $14 52. Bc4 Ra5 (52... Rd8 $16 {is tougher.}) 53. Ne5 $2 ({Only move:} 53. d5 $18 g5 54. d6) 53... a3 $11 54. Ba2 Rb5 55. Nd3 {Inhibits Rb2+.} g5 56. Ke3 Kg7 57. d5 Kf6 $2 {[%mdl 8192] [#]} (57... Kf8 $11) 58. Kd4 $2 ({White has to play} 58. d6 $1 $18) 58... Ke7 59. Ke5 Rb6 60. Kf5 Rf6+ 61. Ke5 Rf3 62. d6+ Kd8 63. Nb4 {Strongly threatening Be6.} Re3+ 64. Kd4 Rxg3 $2 (64... Re2 $11) 65. Be6 {White mates.} Rg1 66. Nc6+ Ke8 67. d7+ {What a fight!  Weighted Error Value: White=0.60/Black=0.67} 1-0

[Event "European Amateur Chess-ch 2022"]
[Site "Zagreb"]
[Date "2022.08.16"]
[Round "3.5"]
[White "Gal, Moshe"]
[Black "Bouget, Alexandre"]
[Result "0-1"]
[ECO "D00"]
[WhiteElo "2111"]
[BlackElo "2282"]
[Annotator "TA"]
[PlyCount "78"]
[EventDate "2022.08.14"]
[EventCountry "CRO"]
[SourceTitle "playchess.com"]
[Source "ChessBase"]
[SourceQuality "1"]
[TimeControl "40/5400+30:1800+30"]

1. d4 Nf6 2. Nf3 g6 3. Bf4 Bg7 4. Nc3 d5 5. Nb5 Na6 6. e3 {D00: 1 d4 d5: Unusual lines.} O-O {6...0-0 is better than 6...c6.} 7. Be2 c6 8. Nc3 {The position is equal.} Qb6 9. Rb1 {[#]} Be6 $146 ({Predecessor:} 9... c5 10. O-O cxd4 11. exd4 Bf5 12. a3 Rac8 13. h3 Rfd8 14. Ne5 Ne4 15. f3 Nec5 16. dxc5 Qxc5+ {0-1 (24) Skoberne,J (2562)-Sonis,F (2536) Terme Catez 2021}) 10. O-O Ne4 11. Ng5 Nxg5 12. Bxg5 f6 13. Bh4 Bf7 14. Na4 Qa5 15. c3 b5 {[#]} 16. b4 $1 Nxb4 (16... Qc7 17. Nb2) 17. cxb4 (17. Rxb4 $5 bxa4 18. Qc2 $11) 17... Qxa4 18. Qxa4 bxa4 19. Rfc1 Rfc8 20. Ba6 {[%mdl 1024] White has compensation.} Rc7 21. a3 Rb8 22. Rc5 e5 23. Bg3 Rb6 24. Be2 Re7 25. dxe5 fxe5 26. Rbc1 Be8 27. Bh4 Rf7 28. Bg4 (28. Ra5 $16) 28... Bd7 $11 29. Bd1 e4 {...Bb2 is the strong threat.} 30. R1c2 {[#] Against Bb2} ({Don't play} 30. Bxa4 Bb2 31. Rb1 Bxa3 $17) (30. Ra5 $1 $14) 30... Bf8 $1 $17 {Black is more active.} 31. Ra5 {[#]} (31. Be2 $17 {might work better.}) 31... c5 $1 $19 32. Raxc5 Bxc5 33. Rxc5 Rc6 34. Rxd5 $2 {Loses the game.} (34. Rxc6 $17 Bxc6 35. Kf1) 34... Rc1 {Black is clearly winning.} 35. Kf1 Bg4 36. Ke1 Rfc7 37. Bf6 Kf7 38. Bb2 Rb1 {aiming for ...Bxd1.} 39. Rd2 Bxd1 {Weighted Error Value: White=0.39/Black=0.05 (flawless)} 0-1

[Event "European Amateur Chess-ch 2022"]
[Site "Zagreb"]
[Date "2022.08.16"]
[Round "3.6"]
[White "Grgantov, Marin"]
[Black "Vujec, Ivan"]
[Result "0-1"]
[ECO "B12"]
[WhiteElo "2048"]
[BlackElo "2192"]
[Annotator "TA"]
[PlyCount "120"]
[EventDate "2022.08.14"]
[EventCountry "CRO"]
[SourceTitle "playchess.com"]
[Source "ChessBase"]
[SourceQuality "1"]
[TimeControl "40/5400+30:1800+30"]

1. e4 c6 2. d4 d5 3. e5 c5 4. dxc5 e6 5. a3 Nc6 6. Nf3 $1 {aiming for b4. B12: Caro-Kann: Advance Variation.} Qc7 7. Bb5 {Black should prevent b4.} Bxc5 8. b4 {The position is equal.} Bb6 9. Bb2 Nge7 10. O-O a5 {[#]} 11. bxa5 $146 ({Predecessor:} 11. Nbd2 Bd7 12. c4 axb4 13. axb4 Rxa1 14. Qxa1 Nxb4 15. Qa8+ Qc8 16. Qa4 Nd3 17. Ba3 Bxb5 18. Qxb5+ {0-1 (38) Zdrazil,T (2142)-Lee,Z (1747) Olomouc 2019}) 11... Rxa5 12. a4 Ng6 (12... O-O $11 {keeps the balance.}) 13. h4 $2 (13. c4 $16) 13... Bd7 (13... O-O $15) 14. Bc3 (14. Na3 $11) 14... Ra8 $15 15. Re1 Ba5 (15... h6 $1 $15) 16. h5 $14 {Strongly threatening Bxa5.} Nge7 17. Qd2 (17. h6 $14) 17... h6 $11 18. Qf4 f5 ({Black should try} 18... Bb6) 19. Bxa5 Qxa5 20. Nbd2 O-O 21. Nb3 Qa7 22. Red1 Be8 23. Qh4 Bf7 24. Nbd4 Qb8 25. Qf4 (25. c4 $14 {is superior.}) 25... Qe8 26. Rdb1 Nc8 (26... Bxh5 $11 27. Bxc6 (27. Nxe6 Ng6 $15) 27... Nxc6) 27. c4 $14 {Hoping for cxd5.} Bxh5 {[#]} (27... N8e7 $14) 28. cxd5 (28. Nxe6 $1 $16 Bxf3 29. Qxf3 (29. Nxf8 Be4 $14) 29... Qxe6 30. cxd5 Nxe5 31. dxe6 Nxf3+ 32. gxf3) 28... exd5 29. Rc1 (29. e6 $14) 29... N8a7 (29... N8e7 $1 $11) 30. Nxf5 ({White should play} 30. Bxc6 $16 bxc6 31. e6 (31. Nxf5 Bxf3 32. Qxf3 Qxe5 $17)) 30... Bxf3 $15 31. Qxf3 Qxe5 32. Bd3 Nb4 {[#]} (32... Kh8 $11) 33. Re1 (33. Nxh6+ $1 $14 {stays ahead.} gxh6 34. Qg4+ Qg7 35. Qxb4) 33... Qf6 $17 {...Nac6 is the strong threat. Black keeps a firm grip on the game.} 34. Ne7+ {[#]} (34. Bb1 $17 Rae8 35. Qd1 Qxa1 36. Nxh6+ gxh6 37. Rxe8 Rxe8 38. Bh7+ Kxh7 39. Qxa1) 34... Qxe7 $3 $19 35. Rxe7 {[%cal Of3g4] White wants to mate with Qg4!} Rxf3 36. gxf3 Nxd3 37. Rxb7 Nc6 38. Rb6 {[#]} (38. Kh2 {was worth a try.}) 38... Na5 $1 39. Rb5 d4 {Threatens to win with ...Nf4.} 40. Kg2 $2 (40. Rd1 Nf4 41. Rf5) 40... Nf4+ 41. Kg3 (41. Kh2 $142) 41... Ne2+ 42. Kg2 Nc3 43. Kf1 (43. Rb6 $142 d3 44. Rd6) 43... d3 (43... Nxb5 $142 44. axb5 d3) 44. Rc5 Nb3 45. Rxc3 Nxa1 46. Rxd3 {[%mdl 4096] Endgame KRN-KR} Nc2 47. Rc3 Nd4 48. Ra3 Ra5 49. Kg2 Ne6 50. Kg3 Nc5 51. Rc3 Nxa4 52. Ra3 Rg5+ 53. Kf4 Nc5 54. Ra8+ Kh7 55. Re8 Nd7 (55... Nd3+ $142 56. Ke3 Re5+ 57. Rxe5 Nxe5 58. Ke4 {[#]} Kg6 $1 59. f4 Ng4 60. f5+ Kg5 61. f6 Nxf6+ 62. Kf3 h5 63. Ke3 h4 64. Ke2 Kf4 65. Kf1 Kf3 66. Kg1 g5 67. Kf1 h3 68. Ke1 h2 69. Kd2 h1=Q 70. Kc3 Qc1+ 71. Kb3 Nd5 72. Ka2 Qc2+ 73. Ka1 Qxf2 74. Kb1 Nb4 75. Kc1 Qc2#) 56. Rd8 {Black is clearly winning.} Nf6 57. Rc8 Kg6 58. Rc6 h5 59. Ke3 h4 60. f4 Rg1 {Weighted Error Value: White=0.66/Black=0.40} 0-1

[Event "European Amateur Chess-ch 2022"]
[Site "Zagreb"]
[Date "2022.08.16"]
[Round "3.7"]
[White "Roska, Branislav"]
[Black "Begic, Domagoj"]
[Result "0-1"]
[ECO "B07"]
[WhiteElo "2153"]
[BlackElo "2026"]
[Annotator "TA"]
[PlyCount "136"]
[EventDate "2022.08.14"]
[EventCountry "CRO"]
[SourceTitle "playchess.com"]
[Source "ChessBase"]
[SourceQuality "1"]
[TimeControl "40/5400+30:1800+30"]

1. e4 d6 2. d4 Nf6 3. Nc3 e5 4. dxe5 dxe5 5. Qxd8+ Kxd8 6. Bg5 Be6 7. Nf3 Nbd7 8. O-O-O Kc8 9. a3 {B07: Pirc Defence: Miscellaneous Systems.} h6 10. Bh4 a6 {[#]} 11. Bxf6 $146 {The position is equal.} ({Predecessor:} 11. Be2 b5 12. Bxf6 gxf6 13. Nh4 c6 14. h3 h5 15. Nf5 a5 16. Kb1 Nc5 17. Bd3 {0-1 (28) Schwarhofer,C (2379)-Juhasz,K (2410) Austria 2019}) 11... gxf6 12. Nh4 Bc5 13. Rd2 c6 (13... b5 {is interesting.} 14. g3 c6 15. Nf5 Kc7) 14. Nd1 Kc7 15. Bd3 b5 {Black is more active.} 16. Ne3 Rhd8 (16... Nb6 $15) 17. Nhf5 $11 Bxe3 (17... Nb6 {looks sharper.} 18. Be2 Rxd2 19. Kxd2 Na4) 18. Nxe3 Nc5 19. Rhd1 Rd7 20. f3 a5 21. Be2 Rad8 22. Rxd7+ Rxd7 23. Rxd7+ Nxd7 $14 {[%mdl 4096] Endgame KBN-KBN} 24. Kd2 Kd6 25. Ke1 Kc5 26. b3 Nb6 27. Kd2 Nc8 28. Bd1 Nd6 29. g4 b4 30. a4 Kd4 31. Nf1 c5 $1 32. Ng3 c4 33. Nh5 cxb3 34. cxb3 Nb7 35. Ng3 Kc5 36. Kc2 Kd6 37. Nf1 Kc5 38. Kd3 Kd6 {Strongly threatening ...Nc5+.} 39. Nd2 Kc5 40. Ke3 Nd8 41. Be2 Nc6 42. Bc4 {With the idea Bxe6.} Nd4 (42... Bc8 $1 $11) 43. Bxe6 $18 fxe6 {KN-KN} 44. Kd3 {Prevents Nc2.} Nc6 45. h4 Nd4 ({Black should play} 45... Kb6) 46. h5 $16 Nc6 47. Nc4 Nd4 48. Nxa5 {Black must now prevent Nb7+.} Nxf3 49. Nb7+ $1 Kb6 50. Nd8 ({Only move:} 50. Nd6 $1 $16 {[%cal Rd6f7] Nf7 is the strong threat.} Nh2 51. Ne8 Nxg4 52. Ng7) 50... Ng5 $11 {Hoping for ...Kc7.} 51. Kc4 $2 {[%mdl 8192] Black keeps a firm grip on the game.} (51. a5+ $11 Kxa5 52. Nc6+ Kb5 53. Ne7) 51... Kc7 $19 52. Nxe6+ Nxe6 53. Kxb4 {KN-KP} Ng5 {Black mates.} 54. Kc4 Nxe4 55. b4 Nd6+ 56. Kd5 e4 57. Kd4 Kc6 $1 58. a5 Kb5 59. Ke3 {[#]} Kc4 $1 60. a6 {[#]} Kd5 $1 61. a7 Nc4+ 62. Kf4 Nb6 63. Kf5 e3 64. Kxf6 e2 65. g5 hxg5 66. Kxg5 e1=Q 67. h6 Qe5+ 68. Kg6 Qh8 {Weighted Error Value: White=0.39/Black=0.11 (very precise)} 0-1

[Event "European Amateur Chess-ch 2022"]
[Site "Zagreb"]
[Date "2022.08.16"]
[Round "3.8"]
[White "Jonsson, Gauti Pall"]
[Black "Havas, Janko"]
[Result "1/2-1/2"]
[ECO "B03"]
[WhiteElo "2071"]
[BlackElo "2143"]
[Annotator "TA"]
[PlyCount "67"]
[EventDate "2022.08.14"]
[EventCountry "CRO"]
[SourceTitle "playchess.com"]
[Source "ChessBase"]
[SourceQuality "1"]
[TimeControl "40/5400+30:1800+30"]

1. e4 Nf6 2. e5 Nd5 3. c4 Nb6 4. d4 d6 5. exd6 exd6 6. Bd3 Nc6 {6...Be7 is the fancy move.} 7. Ne2 Bg4 {B03: Alekhine's Defence: Four Pawns Attack.} 8. Be3 Nb4 9. O-O Be7 {White is slightly better.} 10. Nbc3 Nxd3 11. Qxd3 {[#]} Qd7 $146 ({Predecessor:} 11... O-O 12. Ng3 d5 13. b3 c6 14. a4 dxc4 15. bxc4 Be6 16. d5 cxd5 17. Bxb6 Qxb6 18. cxd5 {1-0 (32) Skibbe,D (2083)-Markgraf,C (2040) Braunfels 2010}) 12. Ng3 {[#] Prevents Bf5. aiming for f3.} d5 $1 13. c5 {And now h3 would win.} Nc4 $1 14. Bc1 O-O 15. b3 (15. f4 $1 $14) 15... Na5 $11 16. Bd2 Nc6 17. h3 Be6 18. Nce2 Bh4 19. Bc3 Ne7 20. Nf4 Bxg3 21. Qxg3 Bf5 22. Rfe1 Ng6 23. Nxg6 hxg6 24. Re3 Rfe8 25. Rae1 Re4 26. Rxe4 Bxe4 27. Qh4 Re8 28. Re3 Bb1 29. a3 ({White should play} 29. Rxe8+ $11 Qxe8 30. Qf4) 29... Rxe3 $15 30. fxe3 Bc2 31. b4 Be4 (31... f6 $1 $15) 32. Kh2 (32. Be1 $11) 32... f6 33. Qf2 Qa4 34. Bb2 {Weighted Error Value: White=0.13 (very precise) /Black=0.08 (flawless)} 1/2-1/2

[Event "European Amateur Chess-ch 2022"]
[Site "Zagreb"]
[Date "2022.08.16"]
[Round "3.9"]
[White "Novosel, Lovro"]
[Black "Basaric, Srdjan"]
[Result "1-0"]
[ECO "E09"]
[WhiteElo "2212"]
[BlackElo "2024"]
[Annotator "TA"]
[PlyCount "75"]
[EventDate "2022.08.14"]
[EventCountry "CRO"]
[SourceTitle "playchess.com"]
[Source "ChessBase"]
[SourceQuality "1"]
[TimeControl "40/5400+30:1800+30"]

1. d4 d5 2. c4 c6 3. Nf3 Nf6 4. Qc2 e6 5. Nbd2 Be7 6. g3 O-O 7. Bg2 Nbd7 8. O-O b6 9. e4 Ba6 {9...dxc4 is setting a new trend.} 10. Re1 {E09: Closed Catalan: Main Line: 7 Qc2 c6 8 Nbd2.} Rc8 (10... dxc4 {keeps more tension.} 11. Nxc4 c5 12. d5 exd5 13. exd5 Nxd5 14. Ng5 Bxg5 15. Bxd5 Rb8) 11. e5 Ne8 12. Qa4 (12. cxd5 $11 cxd5 13. Qa4) 12... Nc7 (12... Bxc4 $15 13. Nxc4 b5 14. Qxa7 bxc4) 13. cxd5 $11 ({Not} 13. Qxc6 $2 {[#]} Nb5 $1 14. cxb5 Rxc6 15. bxc6 Nb8 $19) 13... cxd5 14. Nf1 Bb5 15. Qd1 a5 16. h4 {[#]} h6 $146 ({Predecessor:} 16... Na6 17. a4 Bxf1 18. Bxf1 Nb4 19. Re2 Nb8 20. Bf4 Qd7 21. Rd2 Rc7 22. Bb5 Qc8 {1-0 (40) Przedmojski,R (2374)-Bobula,M (2379) Warsaw 2011}) 17. Ne3 Bb4 18. Bd2 Qe7 19. a3 Bxd2 20. Qxd2 Rfd8 21. Rac1 Ne8 22. Bf1 Bxf1 23. Rxf1 Nb8 24. Qd3 Qb7 25. Qb3 Rc7 26. Rc3 Rdc8 27. Rfc1 Qa6 28. a4 (28. g4 {feels hotter.} Nc6 29. Kg2 Qe2 30. Ng1) 28... Nc6 29. Nc2 h5 (29... Ne7 $11) 30. Kg2 g6 31. Na3 Nb4 32. Nb5 Rc6 {[%mdl 8192] A mistake that costs the game.} ({Black should try} 32... Rxc3 $1 $14 33. Rxc3 Qb7) 33. Nd6 $18 Rxc3 34. bxc3 ({Less strong is} 34. Rxc3 Rd8 35. Qd1 Qa7 $16) 34... Nxd6 35. exd6 {[#] aiming for d7.} Qb7 (35... Nc6 36. c4 dxc4 37. Qxc4 Qb7) 36. Rb1 Nd3 (36... Nc6 $142 37. Qxb6 Qxb6 38. Rxb6 Nd8) 37. Qb5 Rc4 38. Qe8+ {Weighted Error Value: White=0.23 (precise) /Black=0.70} 1-0

[Event "European Amateur Chess-ch 2022"]
[Site "Zagreb"]
[Date "2022.08.16"]
[Round "3.10"]
[White "Green, Michael"]
[Black "Fajdetic, Hrvoje"]
[Result "1/2-1/2"]
[WhiteElo "1997"]
[BlackElo "2151"]
[Annotator "TA"]
[PlyCount "17"]
[EventDate "2022.08.14"]
[EventCountry "CRO"]
[SourceTitle "playchess.com"]
[Source "ChessBase"]
[SourceQuality "1"]
[TimeControl "40/5400+30:1800+30"]

1. Nf3 d5 2. d4 e6 3. c4 c6 4. Nc3 Nd7 5. g4 {[%cal Bg2g4,Bg4g5,Bg5g6][%mdl 32] [#]} h5 $146 (5... dxc4 $15 6. e4 b5) ({Predecessor:} 5... Be7 6. Bf4 Ngf6 7. g5 Ne4 8. Rg1 Bb4 9. Qd3 Qa5 10. Bd2 Nxd2 11. Nxd2 Nf8 12. Nb3 Qa6 {0-1 (49) Pedersen,B-Svendsen,J Hammerfest 1993}) 6. g5 $11 {[%cal Og5g6] The position is equal. D31: Queen's Gambit Declined: Semi-Slav without ...Nf6 (+ Marshall Gambit and Noteboom) and Exchange Variation lines without ...Nf6.} dxc4 7. e4 b5 8. g6 {[%mdl 1024] White has compensation.} f6 9. e5 {An uneventful encounter.  Weighted Error Value: White=0.05 (flawless) /Black=0.17 (very precise)} 1/2-1/2